 Dungeon Crawl Stone Soup version 0.26-a0-638-gcca6ad1 (webtiles) character file.

Game seed: 2536450836963693109

77077 Foxy the Severer (level 15, -4/222 HPs)
             Began as a Naga Berserker on Sept 15, 2020.
             Was the Champion of Trog.
             Slain by an ettin
             ... wielding a +0 dire flail
              (35 damage)
             ... on level 1 of the Orcish Mines.
             The game lasted 00:43:25 (28977 turns).

Foxy the Severer (Naga Berserker)                  Turns: 28977, Time: 00:43:25

Health: -4/222     AC: 26    Str: 30    XL:     15   Next: 55%
Magic:  0/15       EV: 10    Int:  8    God:    Trog [******]
Gold:   1871       SH:  0    Dex: 15    Spells: 14/14 levels left

rFire    + + .     SeeInvis +   c - +2 broad axe (vorpal)
rCold    . . .     Faith    .   (no shield)
rNeg     . . .     Spirit   +   y - +0 fire dragon scales
rPois    +         Reflect  .   H - +0 helmet
rElec    +         Harm     .   (no cloak)
rCorr    .         Rampage  .   z - +2 pair of gloves {Dex+3}
MR       +....                  Q - +6 lightning scales {run, rElec}
Stlth    ..........             m - amulet of guardian spirit
HPRegen  0.47/turn              u - +6 ring of strength
MPRegen  0.14/turn              k - ring of protection from cold

@: berserking, very quick
A: large, see invisible, deformed body, poison resistance, slowness 2, spit
poison 1, constrict 1, AC +5
a: Spit Poison, Berserk, Trog's Hand, Brothers in Arms, Renounce Religion


You were on level 1 of the Orcish Mines.
You worshipped Trog.
Trog was exalted by your worship.
You visited 3 branches of the dungeon, and saw 22 of its levels.
You also visited: Volcano.

You collected 1871 gold pieces.

Inventory:

Hand Weapons
 c - a +2 vorpal broad axe (weapon)
 v - a +6 antimagic scimitar
 E - the +1 trident of Responsibility {freeze, rPois rC+}
   (You found it on level 2 of the Lair of Beasts)

   It has been specially enchanted to freeze those struck by it, causing extra
   injury to most foes and up to half again as much damage against particularly
   susceptible opponents.
   It can also slow down cold-blooded creatures.
   It protects you from cold.
   It protects you from poison.
 U - a +4 broad axe
Missiles
 R - 5 curare-tipped darts (quivered)
Armour
 y - +0 fire dragon scales (worn)
 z - a +2 pair of gloves of dexterity (worn)
 H - a +0 helmet (worn)
 Q - the +6 lightning scales (worn) {run, rElec}
   (You acquired it on level 3 of the Lair of Beasts)

   It insulates you from electricity.
 W - a +3 chain mail of fire resistance
Jewellery
 k - a ring of protection from cold (right hand)
 m - an amulet of guardian spirit (around neck)
 o - an uncursed ring of protection from magic
 u - a +6 ring of strength (left hand)
 F - a +6 ring of dexterity
 J - an uncursed ring of positive energy
 S - an uncursed ring of stealth
Wands
 i - a wand of flame (15)
 p - a wand of iceblast (8)
 B - a wand of polymorph (4)
 K - a wand of enslavement (19)
 N - a wand of digging (4)
 P - a wand of acid (7)
 T - a wand of paralysis (20)
Scrolls
 a - 7 scrolls of blinking
 h - 11 scrolls of teleportation
 j - 7 scrolls of remove curse
 s - a scroll of magic mapping
 t - 2 scrolls of fear
 w - 4 scrolls of fog
 C - 3 scrolls of enchant armour
 D - 7 scrolls of enchant weapon
 G - 4 scrolls of holy word
 M - 4 scrolls of summoning
 V - a scroll of amnesia {unknown}
Potions
 b - a potion of ambrosia
 d - 3 potions of heal wounds
 e - 4 potions of lignification
 f - 2 potions of berserk rage
 g - 4 potions of haste
 l - 2 potions of cancellation
 n - 6 potions of stabbing
 q - 4 potions of magic
 r - 20 potions of curing
 A - 3 potions of mutation
 I - 2 potions of might
 O - 2 potions of invisibility
Miscellaneous
 x - a condenser vane (2/2)
 L - a box of beasts (3/3)


   Skills:
 + Level 13.2 Fighting
 * Level 17.6 Axes
 - Level 5.0 Armour
 - Level 7.1 Dodging
 - Level 10.0 Stealth
 - Level 10.0 Evocations


You had 14 spell levels left.
You didn't know any spells.
Your spell library was empty.

Dungeon Overview and Level Annotations

Branches:
Dungeon (15/15)            Temple (0/1) D:5            Lair (6/6) D:11
 Shoals (0/4) Lair:4        Snake (0/4) Lair:3        Slime (0/5) Lair:5
    Orc (1/2) D:12         Vaults (0/5) D:13         Depths (0/5) D:15
Volcano (visited)

Altars:
Ashenzari
Cheibriados
Elyvilon
Gozag
Makhleb
Qazlal
Ru
Trog
Xom
Jiyva

Shops:
D:5 }   D:11 *

Annotations:
D:10 1 runed translucent door, Quilty's ghost, novice GrEE
D:12 exclusion: 2 oklob plants


Innate Abilities, Weirdness & Mutations

You cannot wear boots.
Your serpentine skin is tough. (AC +5)
You have supernaturally acute eyesight. (SInv)
Armour fits poorly on your strangely shaped body.
Your system is resistant to poisons. (rPois)
You cover ground very slowly.
You can spit poison.
You can use your snake-like lower body to constrict enemies.


Message History

The ettin is severely wounded.
You hit the ettin.
The ettin is severely wounded.
The ettin hits you with a +0 dire flail!
The ettin hits you with a +0 great mace!!
You hit the ettin.
The ettin is severely wounded.
The ettin hits you with a +0 dire flail!!!
The ettin hits you with a +0 great mace!!
* * * LOW HITPOINT WARNING * * *
You are too injured to fight recklessly!
A red film seems to cover your vision as you go berserk!
You feel yourself moving faster!
You feel mighty!
You are too injured to fight recklessly!
You barely miss the ettin.
The ettin is severely wounded.
The ettin hits you with a +0 dire flail!!
* * * LOW HITPOINT WARNING * * *
The ettin hits you with a +0 great mace!!!
You die...

#### ###.#.#.
.###.#.##........
................
............#..
#.......#...#
#.........##
##..)......##
#......@C...#
##..#.....o....
###...###.....
##.## #...#
##.####.##.##
#...#....# #
#.......#
##......# #.#.
##...##.## ...


You could see an ettin and an orc.

Vanquished Creatures
  A fire dragon (Lair:4)
  A yaktaur captain (D:15)
  4 hydras
  4 centaur warriors
  8 two-headed ogres
  3 catoblepae (Lair:6)
  2 dancing weapons (D:13)
  15 death yaks
  A tengu warrior (D:14)
  Urug (Orc:1)
  An unseen horror (D:10)
  A wizard (D:14)
  3 deep elf magi
  2 cyclopes (D:12)
  An orc sorcerer (Orc:1)
  7 ugly things
  5 manticores
  10 elephants (Lair:6)
  A moth of wrath (shapeshifter) (D:15)
  4 black mambas
  A torpor snail (Lair:4)
  A molten gargoyle (Volcano)
  5 centaur skeletons
  2 freezing wraiths
  7 cane toads
  2 gargoyles (Volcano)
  3 kobold demonologists (D:13)
  5 komodo dragons
  A tengu conjurer (D:14)
  A yaktaur (D:15)
  10 rime drakes (Lair:4)
  4 trolls
  A hornet (D:8)
  9 hippogriffs
  14 blink frogs
  2 shadows
  A fire elemental (Volcano)
  6 wyverns
  A hog (shapeshifter) (D:10)
  53 yaks
  6 basilisks
  Grum (D:8)
  5 steam dragons (Lair:4)
  5 wargs
  4 nagas (Lair:3)
  An acid dragon (D:13)
  7 water moccasins
  4 porcupines
  A floating eye (D:12)
  2 ice beasts
  8 orc warriors
  5 sky beasts
  A hornet zombie (D:12)
  A black bear (Lair:5)
  2 eyes of draining
  A phantom (D:9)
  2 necrophages
  10 ogres
  18 wolves
  11 centaurs
  7 crocodiles
  12 bullfrogs
  2 big kobolds
  7 scorpions
  A water moccasin skeleton (D:11)
  3 killer bees (D:9)
  8 wights
  3 electric eels (D:9)
  3 howler monkeys
  4 centaur zombies
  3 jellies
  A gnoll shaman (D:10)
  9 hounds
  10 orc wizards
  12 orc priests
  5 iguanas
  2 bullfrog skeletons
  9 worker ants
  A hound skeleton (D:4)
  A worker ant zombie (D:9)
  10 gnolls
  12 adders
  A howler monkey skeleton (D:5)
  A shadow imp (D:10)
  A white imp (D:7)
  An ufetubus (D:10)
  An ooze (D:1)
  2 adder skeletons
  5 worms
  3 dart slugs (D:2)
  7 leopard geckos
  45 orcs
  2 ball pythons
  5 giant cockroaches
  9 goblins
  11 hobgoblins
  13 jackals
  22 kobolds
  5 quokkas
  5 bats
  4 frilled lizards
  2 quokka zombies
  13 rats
582 creatures vanquished.

Vanquished Creatures (others)
  An electric eel (D:9)
  22 fungi
  64 plants
87 creatures vanquished.

Grand Total: 669 creatures vanquished

Notes
Turn   | Place    | Note
-------+----------+-------------------------------------------
     0 | D:1      | Foxy the Naga Berserker began the quest for the Orb.
     0 | D:1      | Reached XP level 1. HP: 21/21 MP: 1/1
   272 | D:1      | Reached XP level 2. HP: 14/28 MP: 2/2
  1291 | D:1      | Reached XP level 3. HP: 25/34 MP: 3/3
  1480 | D:1      | Reached ** piety under Trog
  2045 | D:2      | Reached skill level 4 in Axes
  2048 | D:2      | Reached XP level 4. HP: 17/42 MP: 4/4
  2903 | D:3      | Found a faded altar of an unknown god.
  3515 | D:3      | Reached XP level 5. HP: 48/50 MP: 5/5
  3606 | D:3      | Reached *** piety under Trog
  4515 | D:4      | Noticed an ogre
  4523 | D:4      | Killed an ogre
  4523 | D:4      | Reached skill level 5 in Axes
  4523 | D:4      | Reached XP level 6. HP: 45/57 MP: 3/6
  5284 | D:4      | Reached XP level 7. HP: 51/66 MP: 4/7
  5493 | D:4      | Reached skill level 6 in Axes
  5951 | D:5      | Entered Level 5 of the Dungeon
  5974 | D:5      | Found Piwoh's Gadget Emporium.
  6014 | D:5      | Found an opulent altar of Gozag.
  6163 | D:5      | Reached skill level 1 in Stealth
  6516 | D:5      | Found a staircase to the Ecumenical Temple.
  6659 | D:5      | Noticed a troll
  6667 | D:5      | Killed a troll
  6667 | D:5      | Reached skill level 5 in Fighting
  6667 | D:5      | Reached XP level 8. HP: 18/74 MP: 2/8
  7039 | D:5      | Got a heavy robe
  7050 | D:5      | Identified the +1 robe "Copen Ywn" {rElec SInv} (You found
                  | it on level 5 of the Dungeon)
  7226 | D:6      | Reached **** piety under Trog
  7233 | D:6      | Reached skill level 7 in Axes
  7488 | D:6      | Reached skill level 1 in Evocations
  7608 | D:6      | Found a sacrificial altar of Ru.
  8164 | D:6      | Reached skill level 5 in Stealth
  8577 | D:7      | Reached skill level 8 in Axes
  8577 | D:7      | Reached XP level 9. HP: 36/81 MP: 1/9
  8933 | D:7      | Got a crystal rapier
  8934 | D:7      | Identified the +4 rapier "Poegoe" {vorpal, rElec} (You
                  | found it on level 7 of the Dungeon)
  9471 | D:7      | Reached skill level 5 in Dodging
  9727 | D:8      | Noticed a hornet
  9738 | D:8      | Killed a hornet
  9738 | D:8      | Reached skill level 9 in Axes
  9820 | D:8      | You fall into a shaft and drop 1 floor!
 10232 | D:9      | Found a shattered altar of Ashenzari.
 10232 | D:9      | Found a bloodstained altar of Trog.
 10232 | D:9      | Found a white marble altar of Elyvilon.
 10255 | D:9      | Reached XP level 10. HP: 74/93 MP: 10/10
 10531 | D:8      | Noticed Grum
 10583 | D:8      | Reached ***** piety under Trog
 10590 | D:8      | Killed Grum
 10666 | D:8      | Noticed a two-headed ogre
 10677 | D:8      | Killed a two-headed ogre
 10677 | D:8      | Reached skill level 10 in Axes
 11171 | D:9      | Reached skill level 5 in Evocations
 11288 | D:9      | Noticed a two-headed ogre
 11296 | D:9      | Killed a two-headed ogre
 11601 | D:9      | Reached skill level 11 in Axes
 11889 | D:10     | Entered Level 10 of the Dungeon
 11980 | D:10     | Reached XP level 11. HP: 102/102 MP: 11/11
 11983 | D:10     | Received a gift from Trog
 12006 | D:10     | Found a runed translucent door.
 12006 | D:10     | Noticed a tengu warrior
 12006 | D:10     | Noticed Quilty's ghost (novice GrEE)
 12598 | D:11     | Noticed a manticore
 12598 | D:11     | Noticed an unseen horror
 12598 | D:11     | Noticed a centaur warrior
 12598 | D:11     | Noticed a deep elf mage
 12618 | D:10     | Killed a deep elf mage
 12624 | D:10     | Killed an unseen horror
 12712 | D:11     | Killed a manticore
 12717 | D:11     | Killed a centaur warrior
 12827 | D:11     | Reached skill level 12 in Axes
 13098 | D:11     | Noticed a two-headed ogre
 13103 | D:11     | Killed a two-headed ogre
 13186 | D:11     | Found Fixylamu's Assorted Antiques.
 13307 | D:11     | Noticed a two-headed ogre
 13313 | D:11     | Killed a two-headed ogre
 13428 | D:11     | Found a burning altar of Makhleb.
 13497 | D:11     | Noticed a manticore
 13504 | D:11     | Killed a manticore
 13564 | D:11     | Found a staircase to the Lair.
 14228 | D:12     | Found a staircase to the Orcish Mines.
 14231 | D:12     | Noticed a purple ugly thing
 14237 | D:12     | Killed a purple ugly thing
 14237 | D:12     | Reached XP level 12. HP: 70/114 MP: 4/12
 15087 | D:12     | Reached skill level 13 in Axes
 15103 | D:12     | Reached skill level 5 in Armour
 15171 | D:12     | You fall into a shaft and drop 1 floor!
 15365 | D:13     | Found a gate to the Vaults.
 15465 | D:13     | Reached skill level 10 in Fighting
 15888 | D:12     | Paralysed by a floating eye for 4 turns
 16679 | D:13     | Noticed a two-headed ogre
 16687 | D:13     | Killed a two-headed ogre
 17063 | D:13     | Reached skill level 14 in Axes
 17079 | D:13     | Noticed a two-headed ogre
 17083 | D:13     | Killed a two-headed ogre
 17193 | D:13     | Noticed a two-headed ogre
 17201 | D:13     | Killed a two-headed ogre
 17514 | D:13     | Gained mutation: You can use your snake-like lower body to
                  | constrict enemies. [Naga growth]
 17514 | D:13     | Reached XP level 13. HP: 125/125 MP: 7/13
 18404 | D:14     | Paralysed by a wizard for 2 turns
 18851 | D:14     | Reached skill level 15 in Axes
 18876 | D:14     | HP: 6/189 [acid (6)]
 19304 | D:14     | Received a gift from Trog
 19336 | D:14     | Found a snail-covered altar of Cheibriados.
 19557 | D:15     | Entered Level 15 of the Dungeon
 19773 | D:15     | Reached ****** piety under Trog
 19869 | D:15     | Found a shimmering altar of Xom.
 19952 | D:15     | Noticed a yaktaur captain
 19959 | D:15     | Killed a yaktaur captain
 20651 | D:15     | Found a staircase to the Depths.
 20883 | Lair:1   | Entered Level 1 of the Lair of Beasts
 20890 | Lair:1   | Reached skill level 16 in Axes
 21141 | Lair:1   | Reached XP level 14. HP: 103/138 MP: 10/14
 21439 | Lair:1   | Found a stormy altar of Qazlal.
 21829 | Lair:1   | Found a shattered altar of Ashenzari.
 22115 | Lair:2   | Found a dark tunnel.
 22131 | Volcano  | Entered a volcano
 22373 | Volcano  | Received a gift from Trog
 22893 | Lair:2   | Got a slimy trident
 22900 | Lair:2   | Identified the cursed +1 trident of Responsibility {freeze,
                  | rPois rC+} (You found it on level 2 of the Lair of Beasts)
 24073 | Lair:3   | Found a staircase to the Snake Pit.
 24581 | Lair:3   | Identified a scroll of acquirement
 24582 | Lair:3   | Acquired the +6 lightning scales {run, rElec}
 24583 | Lair:3   | Found the +6 lightning scales {run, rElec}
 25464 | Lair:4   | Found a staircase to the Shoals.
 25768 | Lair:4   | Reached skill level 10 in Stealth
 26055 | Lair:5   | Found a staircase to the Slime Pits.
 26061 | Lair:5   | Found a viscous altar of Jiyva.
 26821 | Lair:6   | Entered Level 6 of the Lair of Beasts
 26835 | Lair:6   | Reached skill level 17 in Axes
 26843 | Lair:6   | Received a gift from Trog
 26858 | Lair:6   | Reached XP level 15. HP: 116/146 MP: 13/15
 28550 | Lair:6   | Reached skill level 10 in Evocations
 28819 | Orc:1    | Entered Level 1 of the Orcish Mines
 28893 | Orc:1    | Noticed Urug
 28909 | Orc:1    | Killed Urug
 28977 | Orc:1    | Slain by an ettin

Illustrated notes

Levels and vault maps discovered:
D:1:      giann_horns, layout_loops_ring, minmay_fountain_box
D:2:      layout_basic, wad_floor_pattern_1
D:3:      layout_basic, chequers_ecumenical_altar_island, minmay_ruptured
D:4:      layout_cave_pods, minmay_misc_feat_tower
D:5:      layout_basic, minmay_temple_entry_sparse_star, basic_altar,
          serial_shops, shop
D:6:      layout_basic, nicolae_ru_the_path_less_chosen
D:7:      layout_cave_pods, minmay_misc_feat_columns
D:8:      layout_basic, uniq_grum
D:9:      layout_basic, gammafunk_temple_overflow_forgotten
D:10:     layout_roguey, ebering_ghost_inner_flame, grunt_ministairs_8
D:11:     minmay_ambush_box, layout_long_grid, david_lair_shrubbed, basic_altar,
          serial_shops, shop
D:12:     layout_loops_ring, minmay_orc_entry_guard_dogs, disabler_island
D:13:     layout_layer_cave, erik_vaults_1
D:14:     layout_grid_maze, cheibriados_altar_1
D:15:     grunt_enter_depths_snipers, layout_basic, basic_altar,
          minmay_misc_feat_five
Lair:1:   layout_chaotic_city, basic_altar, lemuel_centaur_altar,
          grunt_megastairs_5
Lair:2:   beast_lair_carwin_large_4, layout_cave_pods, enter_volcano_4,
          fungi_pond_lemuel
Lair:3:   layout_big_grid, minmay_snake_entry_guardpost_small,
          chequers_serial_rivers_micro_b
Lair:4:   layout_roguey, shoals_dummy_entry, bobbens_dragon_lair_wall,
          grunt_megastairs_1
Lair:5:   layout_gridlike, slime_altar_1
Lair:6:   evilmike_catoblepas_cave, layout_regular_city
Orc:1:    layout_caves, uniq_urug

Skill      XL: |  1  2  3  4  5  6  7  8  9 10 11 12 13 14 15 |
---------------+----------------------------------------------+-----
Dodging        | 2 3 4 5 6 7 |  7.1
Axes           | 4 5 6 8 9 11 12 14 16 17 | 17.6
Fighting       | 4 5 7 8 9 10 12 13 | 13.2
Stealth        | 3 5 6 10 | 10.0
Evocations     | 2 4 5 8 10 | 10.0
Armour         | 4 5 |  5.0

Action                   |  1- 3 |  4- 6 |  7- 9 | 10-12 | 13-15 || total
-------------------------+-------+-------+-------+-------+-------++-------
Melee: Hand axe          |   135 |    55 |       |       |       ||   190
       War axe           |       |   144 |   380 |   135 |       ||   659
       Broad axe         |       |       |       |   310 |   614 ||   924
       Constrict         |       |       |       |       |   121 ||   121
       Morningstar       |       |       |       |       |    10 ||    10
       Trident           |       |       |       |       |    19 ||    19
Invok: Berserk           |     2 |     4 |     7 |    19 |    13 ||    45
 Abil: Spit Poison       |       |     2 |     2 |     8 |     1 ||    13
Evoke: Wand              |       |       |     2 |    14 |     7 ||    23
  Use: Scroll            |       |     1 |    11 |     5 |    22 ||    39
       Potion            |       |       |       |       |     4 ||     4
 Stab: Sleeping          |     3 |       |     8 |     3 |    11 ||    25
       Distracted        |       |       |       |       |     2 ||     2
       Petrified         |       |       |       |       |     3 ||     3
Armor: Animal skin       |    21 |     1 |       |       |       ||    22
       Chain mail        |       |   102 |    52 |       |       ||   154
       Troll leather arm |       |       |    85 |    61 |       ||   146
       Fire dragon scale |       |       |       |   108 |   368 ||   476
Dodge: Dodged            |    77 |    77 |   178 |   284 |   327 ||   943

Table legend: (Time is in decaauts)
 A = Elapsed time spent in this place.
 B = Non-inter-level travel time spent in this place.
 C = Inter-level travel time spent in this place.
 D = Time resting spent in this place.
 E = Time spent auto-exploring this place.
 F = Levels seen in this place.
 G = Mean time per level.
                   A        B        C        D        E       F      G
               +--------+--------+--------+--------+--------+-----+--------+
         Total |  34768 |  33713 |   1055 |   6564 |  21760 |  23 | 1511.7 |
       Dungeon |  25517 |  24673 |    844 |   5279 |  15460 |  15 | 1701.1 |
          Lair |   8395 |   8185 |    210 |   1166 |   5808 |   6 | 1399.2 |
  Orcish Mines |    175 |    175 |      0 |      0 |    133 |   1 |  175.0 |
       Volcano |    680 |    680 |      0 |    119 |    359 |   1 |  680.0 |
               +--------+--------+--------+--------+--------+-----+--------+

Top non-repeatable levels by time:
    D:13: 2389 daAuts
    D:12: 2166 daAuts
    D:11: 2094 daAuts
     D:4: 2058 daAuts
  Lair:6: 2058 daAuts
     D:1: 1915 daAuts
  Lair:2: 1891 daAuts
     D:3: 1864 daAuts
     D:6: 1788 daAuts
    D:14: 1631 daAuts
     D:5: 1519 daAuts
     D:9: 1514 daAuts
     D:7: 1502 daAuts
    D:15: 1482 daAuts
     D:2: 1291 daAuts
